 Dungeon Crawl Stone Soup version 0.29.1-15-g9cfb28693d (webtiles) character file.

Game seed: 9256081698691869458

0 hmmm the Chiller (level 1, -2/13 HPs)
             Began as a Merfolk Ice Elementalist on Mar 18, 2023.
             Slain by a kobold
             ... wielding a +0 whip
              (5 damage)
             ... on level 1 of the Dungeon.
             The game lasted 00:01:14 (44 turns).

hmmm the Chiller (Merfolk Ice Elementalist)           Turns: 44, Time: 00:01:14

Health: -2/13      AC:  2    Str:  8    XL:     1   Next: 10%
Magic:  3/3        EV: 12    Int: 14    God:
Gold:   9          SH:  0    Dex: 14    Spells: 3/4 levels left

rFire   . . .      SeeInvis .   (no weapon)
rCold   . . .      Faith    .   (no shield)
rNeg    . . .      Spirit   .   a - +0 robe
rPois   .          Reflect  .   (no helmet)
rElec   .          Harm     .   (no cloak)
rCorr   .          Rampage  .   (no gloves)
Will    .....                   (no boots)
Stlth   ++........              (no amulet)
HPRegen 0.04/turn               (no ring)
MPRegen 0.08/turn               (no ring)

@: no status effects
A: (nimble swimmer 2), mertail
a: no special abilities


You were on level 1 of the Dungeon.
You visited 1 branch of the dungeon, and saw 1 of its levels.

You collected 9 gold pieces.

Inventory:

Armour
 a - a +0 robe (worn)
Scrolls
 c - a scroll of fear {unknown}
Potions
 b - a potion of magic
 d - a potion of ambrosia {unknown}


   Skills:
 + Level 2.6 Dodging
 + Level 2.1 Stealth
 + Level 2.0 Spellcasting
 + Level 4.4 Ice Magic


You had 3 spell levels left.
You knew the following spells:

 Your Spells              Type           Power      Damage    Failure   Level
a - Freeze                Ice            52%        1d7       3%          1

Your spell library contained the following spells:

 Spells                   Type           Power      Damage    Failure   Level
 Frozen Ramparts          Ice            26%        1d4       12%         3
 Ozocubu's Armour         Ice            13%        N/A       12%         3
 Hailstorm                Conj/Ice       7%         3d4       67%         4


Dungeon Overview and Level Annotations

Branches:
Dungeon (1/15)

Altars:


Innate Abilities, Weirdness & Mutations

((You are very nimble when in or above water. (Stealth+, EV+, Speed+++)))
Your lower body shifts to a powerful aquatic tail in water.


Message History

The goblin shouts!
A kobold comes into view. It is wielding a +0 whip.
The goblin hits you with a +0 dagger.
You closely miss the goblin. The goblin barely misses you.
A frilled lizard comes into view.
The frilled lizard hisses angrily.
You hit the goblin.
The goblin is severely wounded.
The goblin closely misses you.
You closely miss the goblin.
The goblin is severely wounded.
The goblin misses you. The goblin attacks as you move away!
The goblin hits you with a +0 dagger. The goblin attacks as you move away!
The goblin closely misses you.
You closely miss the goblin.
The goblin is severely wounded.
The goblin hits you with a +0 dagger.
You barely miss the goblin.
The goblin is severely wounded.
The goblin closely misses you. The frilled lizard barely misses you.
You hit the goblin.
You kill the goblin!
The frilled lizard bites you but does no damage.
The kobold attacks as you move away! The kobold closely misses you.
The frilled lizard attacks as you move away!
The frilled lizard bites you. The kobold attacks as you move away!
The kobold barely misses you.
The frilled lizard attacks as you move away!
The frilled lizard bites you.
The frilled lizard attacks as you move away!
The frilled lizard bites you but does no damage.
The kobold attacks as you move away! The kobold barely misses you.
You hit the frilled lizard but do no damage.
The frilled lizard misses you. The kobold hits you with a +0 whip.
* * * LOW HITPOINT WARNING * * *
You barely miss the frilled lizard. The frilled lizard closely misses you.
The kobold misses you.
You closely miss the frilled lizard. The frilled lizard closely misses you.
The kobold hits you with a +0 whip.
You die...

..# #...........
#.# #).....#####
########.###......#
#P.............P###
#≈P...........P~#
#≈~P.........P~~#
#≈≈~P.......P~~~#
#≈≈~~P.Kl..P~~~≈#
#≈≈≈≈~P@<.P~~≈≈≈#
#≈≈~~P.....P~≈≈≈#
#≈≈~P.......P≈≈≈#
#~~P.........P~≈#
#~P...........P~#
#P.............P#
########.#####...
#.# ... #.# ..


You could see a kobold and a frilled lizard.

Vanquished Creatures
  A goblin (D:1)
1 creature vanquished.

Notes
Turn   | Place    | Note
-------+----------+-------------------------------------------
     0 | D:1      | hmmm the Merfolk Ice Elementalist began the quest for the
                  | Orb.
     0 | D:1      | Reached XP level 1. HP: 13/13 MP: 3/3
    44 | D:1      | Slain by a kobold

Illustrated notes

Levels and vault maps discovered:
D:1:      eino_arrival_druids_welcome, layout_basic

Action                   || total
-------------------------++-------
Melee: Unarmed           ||     9
Armor: Robe              ||     2
Dodge: Dodged            ||    13
